 Dungeon Sprint DCSS version 0.22-a0-553-g9358b0b (webtiles) character file.

15483 raistware the Acrobat (level 12, -3/150 HPs)
             Began as a Merfolk Gladiator on June 25, 2018.
             Was the Champion of the Shining One.
             Slain by an ettin
             ... wielding a +0 dire flail
              (34 damage)
             ... in the Dungeon (Sprint IX: "|||||||||||||||||||||||||||||").
             The game lasted 00:16:20 (1929 turns).

raistware the Acrobat (Merfolk Gladiator)           Turns: 1929, Time: 00:16:21

Health: -3/150     AC: 26    Str: 18    XL:     12   Next: 27%
Magic:  8/24       EV:  2    Int:  7    God:    the Shining One [******]
Gold:   1801       SH:  0    Dex: 20    Spells: 11/11 levels left

rFire    + . .     SeeInvis .   o - +2 halberd (venom)
rCold    . . .     Gourm    .   (shield currently unavailable)
rNeg     + + +     Faith    .   (armour currently unavailable)
rPois    +         Spirit   .   (helmet currently unavailable)
rElec    .         Reflect  .   (cloak currently unavailable)
rCorr    .         Harm     .   (gloves currently unavailable)
MR       .....     NoTele   +   (boots currently unavailable)
Stlth    +.........             (no amulet)
HPRegen  0.35/turn              b - +3 ring of dexterity
MPRegen  0.19/turn              B - ring of protection from fire

@: tree-form, glowing
A: (change form in water), (swift swim), (stealthy swim)
a: Divine Shield, Cleansing Flame, Summon Divine Warrior, Brand Weapon With Holy
Wrath, Renounce Religion


You were in the Dungeon.
You worshipped the Shining One.
The Shining One was exalted by your worship.
You were hungry.
You were a tree.
You visited 1 branch You collected 1916 gold pieces.
You spent 115 gold pieces at shops.

Inventory:

Hand Weapons
 o - a +2 halberd of venom (weapon)
 C - a +0 bardiche
 D - a +1 glaive of venom
Missiles
 d - 3 throwing nets (quivered)
Armour
 p - a +0 pair of boots (melded)
 q - a +1 chain mail
 w - a +2 hat (melded)
 x - a +0 cloak (melded)
 y - a +0 pair of gloves (melded)
 z - a +1 plate armour of cold resistance (melded)
Jewellery
 b - a +3 ring of dexterity (left branch)
 c - an uncursed ring of protection from magic
 r - a +3 ring of strength
 A - an uncursed ring of ice
 B - a ring of protection from fire (right branch)
Wands
 n - a wand of acid (9)
Scrolls
 j - 3 scrolls of remove curse
 k - 5 scrolls of blinking
 m - 2 scrolls of amnesia
 t - 2 scrolls of fear
 u - 2 scrolls of identify
 v - 2 scrolls of enchant weapon
 F - 2 scrolls of enchant armour
Potions
 a - a potion of agility
 e - 8 potions of curing
 g - 4 potions of haste
 i - 4 potions of magic
 l - 2 potions of mutation
 E - 2 potions of brilliance
Comestibles
 f - 11 rations
 G - 8 chunks of flesh


   Skills:
 + Level 11.4 Fighting
 + Level 17.3 Polearms
 - Level 2.0 Throwing
 + Level 8.0 Armour
 + Level 21.5 Dodging
 + Level 16.9 Invocations


You had 11 spell levels left.
You didn't know any spells.
Your spell library was empty.

Dungeon Overview and Level Annotations

Branches:
Dungeon (1/1)

Altars:
Cheibriados
Dithmenos
Elyvilon
Fedhas
Gozag
Hepliaklqana
Kikubaaqudgha
Makhleb
Nemelex Xobeh
Okawaru
Qazlal
Ru
Sif Muna
Trog
Uskayaw
Vehumet
Wu Jian
Xom
Yredelemnul
Zin
The Shining One
Beogh
Jiyva
Lugonu

Shops:
D (!%!


Message History

* * * LOW HITPOINT WARNING * * *
You feel much better. The stone giant hits you!
* * * LOW HITPOINT WARNING * * *
You turn into a tree.
Your +0 cloak melds into your body.
Your +2 hat melds into your body.
Your +0 pair of gloves melds into your body.
Your +0 pair of boots melds into your body.
Your +1 plate armour of cold resistance melds into your body.
You feel less resistant to cold.
Your roots penetrate the ground.
The stone giant hits you!
* * * LOW HITPOINT WARNING * * *
You hit the stone giant but do no damage.
The stone giant looks as sick as possible!
The stone giant is almost dead.
You kill the stone giant!
Your Armour skill increases to level 8!
You feel much better. The ettin hits you with a dire flail!!
* * * LOW HITPOINT WARNING * * *
The ettin hits you with a dire flail!!
You die...

▓.▓.▓[▓.▓.▓.▓
▓[▓.▓.▓.▓'▓.▓+▓
▓÷▓.▓.▓.▓.▓.▓.▓
▓.▓.▓.▓.▓.▓.▓.▓
▓.▓.▓.▓.▓.▓.▓.▓
▓.▓(▓'▓.▓.▓.▓.▓
▓.▓.▓.▓.▓.▓.▓)▓
▓.▓.▓.▓.▓∩▓.▓C▓
▓)▓.▓.▓.▓.▓.▓♣▓
▓)▓.▓=▓.▓∩▓.▓.▓
▓.▓.▓.▓.▓.▓.▓(▓
▓[▓.▓.▓.▓∩▓.▓.▓
▓[▓.▓.▓.▓.▓.▓.▓
▓.▓.▓.▓.▓∩▓.▓(▓
▓)▓.▓.▓.▓)▓.▓.▓
▓|▓.▓.▓.▓.▓.▓)▓
▓.▓.▓.▓.▓.▓.▓(▓


You could see an ettin.

Vanquished Creatures
  Gastronok (D)
  2 stone giants (D)
  An ice dragon (D)
  A two-headed ogre (D)
  Urug (D)
  2 ugly things (D)
  An orc knight (D)
  2 elephants (D)
  A spiny frog (D)
  A komodo dragon (D)
  A troll (D)
  2 tyrant leeches (D)
  A tengu conjurer (D)
  A hippogriff (D)
  2 blink frogs (D)
  2 basilisks (D)
  A yak (D)
  A vampire mosquito (D)
  A steam dragon (D)
  An acid dragon (D)
  A porcupine (D)
  2 water moccasins (D)
  3 orc warriors (D)
  A black bear (D)
  An ogre (D)
  A crocodile (D)
  A big kobold (D)
  6 bullfrogs (D)
  A jelly (D)
  5 orc priests (D)
  A gnoll shaman (D)
  A hound (D)
  An iguana (D)
  2 orc wizards (D)
  A dart slug (D)
  6 orcs (D)
  A bat zombie (D)
  A giant cockroach (D)
  A goblin (D)
  A hobgoblin (D)
  A kobold (D)
  A quokka (D)
  A quokka skeleton (D)
67 creatures vanquished.

Vanquished Creatures (collateral kills)
  A vampire knight (D)
  A hydra (D)
  A rakshasa (D)
  A centaur warrior (D)
  A tengu warrior (D)
  6 orc high priests (D)
  An orc knight (D)
  An ugly thing (D)
  A black mamba (D)
  An efreet (D)
  A yaktaur (D)
  A tyrant leech (D)
  5 orc warriors (D)
  A crocodile (D)
  8 orc priests (D)
  4 orcs (D)
35 creatures vanquished.

Grand Total: 102 creatures vanquished

Notes
Turn   | Place    | Note
-------+----------+-------------------------------------------
     0 | D        | raistware the Merfolk Gladiator began the quest for the Orb.
     0 | D        | Reached XP level 1. HP: 16/16 MP: 1/1
     9 | D        | Reached XP level 2. HP: 22/22 MP: 2/2
    44 | D        | Reached skill level 10 in Polearms
    44 | D        | Reached XP level 3. HP: 27/27 MP: 3/3
    54 | D        | Found a roughly hewn altar of Beogh.
    54 | D        | Found a snail-covered altar of Cheibriados.
    54 | D        | Found a shadowy altar of Dithmenos.
    54 | D        | Found a white marble altar of Elyvilon.
    54 | D        | Found a blossoming altar of Fedhas.
    54 | D        | Found an opulent altar of Gozag.
    55 | D        | Found a hazy altar of Hepliaklqana.
    56 | D        | Found a viscous altar of Jiyva.
    57 | D        | Found an ancient bone altar of Kikubaaqudgha.
    58 | D        | Found a corrupted altar of Lugonu.
    59 | D        | Found a burning altar of Makhleb.
    60 | D        | Found a sparkling altar of Nemelex Xobeh.
    61 | D        | Found an iron altar of Okawaru.
    62 | D        | Found a stormy altar of Qazlal.
    63 | D        | Found a sacrificial altar of Ru.
    64 | D        | Found a deep blue altar of Sif Muna.
    65 | D        | Found a bloodstained altar of Trog.
    66 | D        | Found a hide-covered altar of Uskayaw.
    67 | D        | Found a radiant altar of Vehumet.
    68 | D        | Found an ornate altar of the Wu Jian Council.
    69 | D        | Found a shimmering altar of Xom.
    70 | D        | Found a basalt altar of Yredelemnul.
    71 | D        | Found a glowing silver altar of Zin.
    72 | D        | Found a glowing golden altar of the Shining One.
    80 | D        | Became a worshipper of the Shining One
   121 | D        | Noticed a black bear
   121 | D        | Noticed a bullfrog
   121 | D        | Reached * piety under the Shining One
   121 | D        | Noticed a big kobold
   121 | D        | Noticed an ogre
   128 | D        | Killed an ogre
   128 | D        | Reached XP level 4. HP: 33/33 MP: 4/4
   128 | D        | Reached XP level 5. HP: 38/38 MP: 5/5
   327 | D        | Killed a big kobold
   327 | D        | Reached skill level 15 in Polearms
   327 | D        | Reached skill level 6 in Dodging
   327 | D        | Reached XP level 6. HP: 41/44 MP: 6/6
   333 | D        | Reached skill level 8 in Dodging
   341 | D        | Killed a black bear
   341 | D        | Reached skill level 10 in Dodging
   344 | D        | Reached ** piety under the Shining One
   344 | D        | Reached skill level 11 in Dodging
   355 | D        | Noticed a troll
   355 | D        | Noticed a water moccasin
   355 | D        | Noticed a tengu conjurer
   355 | D        | Noticed a cyan ugly thing
   355 | D        | Noticed a green ugly thing
   355 | D        | Reached *** piety under the Shining One
   363 | D        | Killed a white ugly thing
   363 | D        | Reached skill level 13 in Dodging
   363 | D        | Reached XP level 7. HP: 50/50 MP: 6/12
   367 | D        | Killed a cyan ugly thing
   367 | D        | Reached skill level 14 in Dodging
   367 | D        | Reached XP level 8. HP: 56/56 MP: 6/14
   370 | D        | Killed a tengu conjurer
   370 | D        | Reached skill level 15 in Dodging
   378 | D        | Reached skill level 10 in Invocations
   387 | D        | Killed a troll
   387 | D        | Reached skill level 16 in Dodging
   387 | D        | Reached XP level 9. HP: 44/61 MP: 8/17
   423 | D        | Noticed Urug
   456 | D        | HP: 2/61 [Urug/great mace of holy wrath (25)]
   459 | D        | Killed Urug
   459 | D        | Reached skill level 17 in Dodging
   663 | D        | Noticed a komodo dragon
   663 | D        | Noticed a spiny frog
   663 | D        | Reached **** piety under the Shining One
   687 | D        | Killed a spiny frog
   687 | D        | Reached skill level 18 in Dodging
   687 | D        | Killed a komodo dragon
   687 | D        | Reached XP level 10. HP: 14/67 MP: 14/19
   961 | D        | Noticed a black mamba
   961 | D        | Noticed an elephant
   961 | D        | Reached ***** piety under the Shining One
   964 | D        | Noticed a seven-headed hydra
   968 | D        | Reached skill level 1 in Armour
   968 | D        | Noticed an elephant
   979 | D        | Killed an elephant
   984 | D        | Killed an eight-headed hydra
   984 | D        | Reached skill level 19 in Dodging
   987 | D        | Killed a black mamba
   987 | D        | Reached skill level 5 in Fighting
   999 | D        | Killed an elephant
  1038 | D        | Reached ****** piety under the Shining One
  1062 | D        | Reached XP level 11. HP: 44/84 MP: 22/22
  1280 | D        | Noticed Gastronok
  1296 | D        | Killed Gastronok
  1296 | D        | Reached skill level 5 in Armour
  1296 | D        | Reached skill level 20 in Dodging
  1296 | D        | Reached skill level 15 in Invocations
  1445 | D        | Noticed an orc knight
  1460 | D        | Killed an orc knight
  1509 | D        | Found Lypanoq's Distillery.
  1509 | D        | Noticed an orc high priest
  1513 | D        | Killed an orc high priest
  1521 | D        | Noticed an orc high priest
  1527 | D        | Killed an orc high priest
  1536 | D        | Found Lewaekh's Food Shop.
  1539 | D        | Noticed an orc high priest
  1543 | D        | Noticed a sun demon
  1546 | D        | Killed an orc high priest
  1551 | D        | Found Ewky's Distillery.
  1555 | D        | Found Zeiheo's Weapon Shop.
  1558 | D        | Bought a potion of heal wounds for 65 gold pieces
  1559 | D        | Noticed an orc high priest
  1564 | D        | Noticed an orc high priest
  1567 | D        | Killed an orc high priest
  1572 | D        | Killed an orc high priest
  1573 | D        | Noticed an orc high priest
  1576 | D        | Killed an orc high priest
  1576 | D        | Reached skill level 10 in Fighting
  1587 | D        | Bought a potion of heal wounds for 50 gold pieces
  1829 | D        | Noticed a tengu warrior
  1829 | D        | Noticed an orc knight
  1829 | D        | Noticed a red ugly thing
  1829 | D        | Noticed a centaur warrior
  1832 | D        | Noticed a two-headed ogre
  1835 | D        | Killed a centaur warrior
  1839 | D        | Killed a red ugly thing
  1840 | D        | Noticed a vampire knight
  1846 | D        | Killed an orc knight
  1848 | D        | Noticed a stone giant
  1856 | D        | Killed a vampire knight
  1856 | D        | Reached skill level 21 in Dodging
  1856 | D        | Noticed an ice dragon
  1862 | D        | Killed a tengu warrior
  1872 | D        | Killed a stone giant
  1872 | D        | Reached XP level 12. HP: 71/99 MP: 5/24
  1878 | D        | Killed a two-headed ogre
  1893 | D        | Killed an ice dragon
  1902 | D        | Noticed a rakshasa
  1904 | D        | Noticed an ettin
  1909 | D        | Noticed a stone giant
  1915 | D        | Killed a rakshasa
  1928 | D        | Killed a stone giant
  1929 | D        | Slain by an ettin

Vault maps used:
D:        linesprint

Skill      XL: |  1  2  3  4  5  6  7  8  9 10 11 12 |
---------------+-------------------------------------+-----
Polearms       | 7 10 13 15 16 17 | 17.3
Dodging        | 6 13 14 16 18 19 21 | 21.5
Invocations    | 6 8 10 13 14 16 | 16.9
Armour         | 4 7 8 |  8.0
Fighting       | 7 10 11 | 11.4
Throwing       | |  2.0

Action                   |  1- 3 |  4- 6 |  7- 9 | 10-12 || total
-------------------------+-------+-------+-------+-------++-------
Melee: Trident           |    38 |    29 |       |       ||    67
       Halberd           |       |     7 |    43 |   155 ||   205
Invok: Cleansing Flame   |       |       |     1 |     1 ||     2
       Summon Divine War |       |       |       |     8 ||     8
Evoke: Wand              |       |     1 |       |       ||     1
  Use: Potion            |     2 |     1 |     2 |     5 ||    10
  Eat: Chunk             |       |       |       |     5 ||     5
Armor: Leather armour    |     2 |       |       |       ||     2
       Chain mail        |       |     8 |     4 |     7 ||    19
       Plate armour      |       |       |       |     1 ||     1
Dodge: Dodged            |    16 |    10 |    19 |    64 ||   109

Table legend:
 A = Spawn XP
 B = Non-spawn XP
 C = Spawn XP percentage of total XP
 D = Spawn monster count
 E = Non-spawn monster count
 F = Spawn count percentage of total count
 G = Total turns spent on level
                    A         B        C        D         E        F      G
               +---------+---------+-------+---------+---------+-------+---------
         Total |       0 |   22119 |   0.0 |       0 |     102 |   0.0 |  1929
               +---------+---------+-------+---------+---------+-------+---------
             D |       0 |   22119 |   0.0 |       0 |     102 |   0.0 |  1929
               +---------+---------+-------+---------+---------+-------+---------
